 Dungeon Crawl Stone Soup version 0.21.1-1-g345015fe64 (webtiles) character file.

5622 Ethylacetat the Carver (level 10, -1/83 HPs)
             Began as a Demonspawn Chaos Knight on June 5, 2018.
             Killed from afar by Erica (7 damage)
             ... with an orb of energy
             ... on level 10 of the Dungeon.
             The game lasted 01:17:04 (6791 turns).

Ethylacetat the Carver (Demonspawn Chaos Knight)    Turns: 6791, Time: 01:17:05

Health: -1/83      AC:  9    Str: 14 (15) XL:     10   Next: 45%
Magic:  0/10       EV: 11    Int: 12 (13) God:    Xom [..*...]
Gold:   501        SH:  0    Dex: 15 (18) Spells: 6/9 levels left

rFire    . . .     SeeInvis +   o - +8 falchion "Pacu" {freeze, Dex+4 Stlth+}
rCold    . . .     Gourm    .   (no shield)
rNeg     . . .     Faith    .   b - +2 leather armour
rPois    +         Spirit   +   f - +2 helmet
rElec    .         Reflect  .   p - +0 cloak {rPois}
rCorr    .         Harm     .   (no gloves)
MR       .....                  (no boots)
Stlth    ++........             E - amulet of magic regeneration
HPRegen  0.23/turn              n - ring of stealth
MPRegen  0.49/turn              (no ring)

@: confused, very slightly contaminated, slowed, very slow
A: hooves 2, see invisible, powered by pain 1, wild magic 1, magic shield, magic
regeneration
a: Renounce Religion


You were on level 10 of the Dungeon.
You worshipped Xom.
You were a toy of Xom.
You were hungry.

You visited 2 branches of the dungeon, and saw 11 of its levels.

You collected 501 gold pieces.

Inventory:

Hand Weapons
 a - a +0 falchion of chaos
 e - a cursed -2 short sword
 o - the +8 falchion "Pacu" (weapon) {freeze, Dex+4 Stlth+}
   (You found it on level 8 of the Dungeon)

   It has been specially enchanted to freeze those struck by it, causing extra
   injury to most foes and up to half again as much damage against particularly
   susceptible opponents.
   It can also slow down cold-blooded creatures.
   It affects your dexterity (+4).
   It makes you more stealthy.
 y - a cursed -3 rapier
 C - a +4 scimitar
Missiles
 l - a throwing net (quivered)
Armour
 b - a +2 leather armour (worn)
 f - a +2 helmet (worn)
 p - a +0 cloak of poison resistance (worn)
Jewellery
 n - a ring of stealth (left hand)
 E - an amulet of magic regeneration (around neck)
Wands
 v - a wand of iceblast (12)
Scrolls
 d - 3 scrolls of remove curse
 g - 9 scrolls of identify {unknown}
 h - 2 scrolls of fog {unknown}
 i - a scroll of amnesia {unknown}
 k - a scroll of summoning {unknown}
 q - a scroll of noise {unknown}
 s - 6 scrolls of teleportation {unknown}
 B - a scroll of enchant armour {unknown}
 D - a scroll of magic mapping {unknown}
 F - a scroll of blinking {unknown}
Potions
 j - 3 potions of flight
 m - a potion of agility
 t - a potion of curing
Books
 w - a book of Minor Magic

   Spells                             Type                      Level
   a - Magic Dart                     Conjuration                  1
   b - Blink                          Translocation                2
   c - Call Imp                       Summoning                    2
   d - Slow                           Hexes                        2
   e - Conjure Flame                  Conjuration/Fire             3
   f - Mephitic Cloud                 Conjuration/Poison/Air       3
 x - a book of Changes

   Spells                             Type                      Level
   a - Beastly Appendage              Transmutation                1
   b - Sticks to Snakes               Transmutation                2
   c - Spider Form                    Transmutation/Poison         3
   d - Ice Form                       Ice/Transmutation            4
   e - Blade Hands                    Transmutation                5
Comestibles
 c - 14 rations


   Skills:
 + Level 9.6 Fighting
 * Level 11.9 Long Blades
 - Level 1.7 Armour
 - Level 0.8 Dodging


You had 6 spell levels left.
You knew the following spells:

 Your Spells              Type           Power        Failure   Level  Hunger
a - Apportation           Tloc           #.....       47%         1    ##.....
b - Blink                 Tloc           N/A          61%         2    ###....


Dungeon Overview and Level Annotations

Branches:
Dungeon (10/15)            Temple (1/1) D:6
   Lair: D:8-11         Orc: D:9-12

Altars:
Ashenzari
Cheibriados
Dithmenos
Elyvilon
Fedhas
Gozag
Hepliaklqana
Kikubaaqudgha
Makhleb
Nemelex Xobeh
Okawaru
Qazlal
Ru
Sif Muna
Trog
Uskayaw
Vehumet
Wu Jian
Xom
Yredelemnul
Zin
The Shining One

Shops:
D:7 }

Annotations:
D:9 Gastronok
D:10 Erica


Innate Abilities, Weirdness & Mutations

You have hoof-like feet.
You sometimes gain a little power by taking damage.
When hurt, damage is shared between your health and your magic reserves.
You regenerate magic rapidly.
You have supernaturally acute eyesight. (SInv)
Your spells are a little harder to cast, but a little more powerful.


Message History

You flicker back into view.
Erica screams, "Do you want it fast or slow?!"
Erica casts a spell at you. The bolt of poison misses you.
Erica gestures at you while chanting. The orb of energy misses you.
The orb of energy explodes!
Erica casts a spell at you.
You feel as though you will be slow longer.
Erica casts a spell at you.
You are confused.
Erica points at you and mumbles some strange words.
The bolt of poison hits you! You resist.
* * * LOW HITPOINT WARNING * * *
Erica points at you and mumbles some strange words.
The bolt of poison hits you! You resist.
* * * LOW HITPOINT WARNING * * *
Erica gestures at you while chanting. The orb of energy hits you!
You die...
Xom is highly amused!

####..# .....#
#....# ....##
#....# #....#
#....# ######
#..@.# .....##
#....## ......##
##.....#
.<.....##
#..#####
........## #..#
.......(.####@.#
.(........##T..#
........T......#
..............##


You could see Erica (invisible) and a troll.

Vanquished Creatures
  The ghost of StormFly the Cleaver, a novice HOFi of Beogh (D:9)
  A two-headed ogre (D:9)
  Joseph (D:9)
  The ghost of jepsan the Cutter, a novice HaSk (D:5)
  Grinder (D:5)
  The ghost of DildoBatman the Conjurer, an amateur FoWz (D:3)
  A hippogriff (D:4)
  Sigmund (D:2)
  A wyvern (D:8)
  A vampire (D:9)
  Eustachio (D:5)
  2 orc warriors
  An ice beast (D:7)
  2 phantoms (D:4)
  2 sky beasts
  An ogre (D:8)
  A centaur (D:7)
  2 big kobolds (D:8)
  Blork the orc (D:5)
  3 bullfrogs
  A scorpion (D:6)
  4 wights (D:8)
  4 killer bees (D:7)
  A howler monkey (D:4)
  3 orc priests
  A hound (D:8)
  A jelly (D:9)
  4 orc wizards
  A gnoll shaman (D:7)
  Terence (D:3)
  4 iguanas
  3 worker ants
  5 gnolls
  12 adders
  A shadow imp (D:8)
  An ooze (D:3)
  An ooze (shapeshifter) (D:8)
  3 adder skeletons
  A worm (D:5)
  3 dart slugs
  5 leopard geckos
  31 orcs
  6 giant cockroaches
  5 goblins
  12 hobgoblins
  12 jackals
  6 quokkas
  9 bats
  3 frilled lizards
  23 kobolds
  10 rats
203 creatures vanquished.

Vanquished Creatures (collateral kills)
  An ogre (D:6)
  An orc priest (D:6)
  An orc wizard (D:6)
  3 gnolls (D:6)
  An adder (D:6)
  An orc (D:6)
8 creatures vanquished.

Grand Total: 211 creatures vanquished

Notes
Turn   | Place    | Note
-------+----------+-------------------------------------------
     0 | D:1      | Ethylacetat the Demonspawn Chaos Knight began the quest for the Orb.
     0 | D:1      | Reached XP level 1. HP: 18/18 MP: 1/1
    99 | D:1      | XOM: smoke on damage
   102 | D:1      | Reached skill level 3 in Long Blades
   102 | D:1      | Gained mutation: When hurt, damage is shared between your health and your magic reserves. [demonic ancestry]
   102 | D:1      | Reached XP level 2. HP: 17/24 MP: 2/2
   202 | D:1      | XOM: silly message
   263 | D:1      | XOM: divination: detect creatures
   478 | D:1      | Gained mutation: You have large cloven feet. [demonic ancestry]
   478 | D:1      | Reached XP level 3. HP: 27/29 MP: 3/3
  1103 | D:2      | Learned a level 1 spell: Apportation
  1130 | D:2      | Found a burning altar of Makhleb.
  1132 | D:2      | XOM: divination: magic mapping
  1134 | D:2      | Noticed Sigmund
  1146 | D:2      | Killed Sigmund
  1146 | D:2      | Reached skill level 5 in Long Blades
  1146 | D:2      | Gained mutation: You have hoof-like feet. [demonic ancestry]
  1146 | D:2      | Reached XP level 4. HP: 28/38 MP: 2/4
  1146 | D:2      | Reached XP level 5. HP: 31/43 MP: 2/5
  1176 | D:2      | Found a faded altar of an unknown god.
  1398 | D:3      | XOM: cast spell 'Summon Ice Beast'
  1403 | D:3      | Reached XP level 6. HP: 36/49 MP: 3/6
  1454 | D:3      | Found a sparkling altar of Nemelex Xobeh.
  1529 | D:3      | Noticed DildoBatman's ghost (amateur FoWz)
  1539 | D:3      | XOM: potion effect (haste)
  1542 | D:3      | Killed DildoBatman's ghost
  1542 | D:3      | Reached skill level 5 in Fighting
  1542 | D:3      | Reached skill level 6 in Long Blades
  1542 | D:3      | Gained mutation: You regenerate magic rapidly. [demonic ancestry]
  1542 | D:3      | Reached XP level 7. HP: 41/56 MP: 4/7
  1621 | D:3      | XOM: divination: magic mapping
  1689 | D:3      | Noticed Terence
  1701 | D:3      | Killed Terence
  1770 | D:3      | XOM: harmless Ice miscast
  2045 | D:4      | XOM: noise
  2048 | D:4      | Noticed a hippogriff
  2050 | D:4      | XOM: potion effect (curing)
  2057 | D:4      | Killed a hippogriff
  2057 | D:4      | Reached skill level 7 in Long Blades
  2068 | D:4      | XOM: harmless Tmut miscast
  2094 | D:4      | XOM: divination: magic mapping
  2136 | D:4      | Gained mutation: You sometimes gain a little power by taking damage. [demonic ancestry]
  2136 | D:4      | Reached XP level 8. HP: 37/64 MP: 8/8
  2483 | D:4      | Found a stormy altar of Qazlal.
  2570 | D:5      | Entered Level 5 of the Dungeon
  2611 | D:5      | Noticed Blork the orc
  2620 | D:5      | Killed Blork the orc
  2631 | D:5      | XOM: harmless Ice miscast
  2651 | D:5      | Noticed Grinder
  2655 | D:5      | Learned a level 2 spell: Blink
  2662 | D:5      | XOM: potion effect (agility)
  2666 | D:5      | XOM: potion effect (might)
  2667 | D:5      | Killed Grinder
  2667 | D:5      | Reached skill level 8 in Long Blades
  2670 | D:5      | Found a hazy altar of Hepliaklqana.
  2678 | D:5      | Noticed Eustachio
  2816 | D:5      | Killed Eustachio
  2827 | D:5      | XOM: silly message
  2835 | D:5      | XOM: harmless Hex miscast
  2890 | D:5      | Noticed jepsan's ghost (novice HaSk)
  2890 | D:5      | XOM: potion effect (berserk rage)
  2898 | D:5      | XOM: potion effect (magic)
  2899 | D:5      | XOM: fog
  2912 | D:5      | Killed jepsan's ghost
  2912 | D:5      | Reached skill level 9 in Long Blades
  3121 | D:6      | Reached XP level 9. HP: 49/72 MP: 7/9
  3143 | D:6      | Found a staircase to the Ecumenical Temple.
  3239 | Temple   | Entered the Ecumenical Temple
  3382 | D:6      | XOM: summons 3 hostile shadow creatures
  3680 | D:6      | XOM: 1-stop teleportation journey
  3764 | D:6      | XOM: god gift: 18 gold pieces
  3904 | D:6      | XOM: fog
  4009 | D:7      | XOM: scenery: create altars
  4158 | D:7      | XOM: polymorph centaur -> killer bee
  4233 | D:7      | Reached skill level 10 in Long Blades
  4325 | D:7      | XOM: divination: detect creatures
  4426 | D:7      | Found Muar Icw's Gadget Emporium.
  5016 | D:8      | XOM: mild Tloc miscast
  5017 | D:8      | XOM: summons 3 hostile demons
  5043 | D:8      | XOM: confusion
  5553 | D:8      | XOM: swap monsters
  5616 | D:8      | Got a bloodstained falchion
  5617 | D:8      | Identified the +8 falchion "Pacu" {freeze, Dex+4 Stlth+} (You found it on level 8 of the Dungeon)
  6126 | D:8      | XOM: summons 4 hostile demons
  6256 | D:8      | Reached skill level 11 in Long Blades
  6355 | D:9      | Noticed StormFly's ghost (novice HOFi)
  6355 | D:9      | Gained mutation: You occasionally shout uncontrollably at your foes. [potion of mutation]
  6355 | D:9      | Gained mutation: Your body sometimes deteriorates upon taking damage. [potion of mutation]
  6355 | D:9      | Gained mutation: Your system is resistant to poisons. (rPois) [potion of mutation]
  6356 | D:9      | Lost mutation: Your body sometimes deteriorates upon taking damage. [potion of mutation]
  6356 | D:9      | Lost mutation: Your system is resistant to poisons. (rPois) [potion of mutation]
  6356 | D:9      | Lost mutation: You occasionally shout uncontrollably at your foes. [potion of mutation]
  6356 | D:9      | Gained mutation: Your spells are a little harder to cast, but a little more powerful. [potion of mutation]
  6356 | D:9      | Gained mutation: You have supernaturally acute eyesight. (SInv) [potion of mutation]
  6359 | D:9      | Noticed Joseph
  6364 | D:9      | XOM: confuse monster(s)
  6370 | D:9      | XOM: 3-stop teleportation journey
  6377 | D:9      | Reached XP level 10. HP: 74/82 MP: 10/10
  6383 | D:9      | Noticed Gastronok
  6387 | D:9      | Noticed a two-headed ogre
  6391 | D:9      | XOM: butterfly on damage
  6392 | D:9      | Killed a two-headed ogre
  6401 | D:9      | XOM: fog
  6405 | D:9      | XOM: potion effect (agility)
  6407 | D:9      | Killed Joseph
  6415 | D:9      | XOM: noise
  6723 | D:9      | XOM: swap monsters
  6729 | D:9      | Killed StormFly's ghost
  6753 | D:9      | Noticed Erica
  6757 | D:9      | XOM: divination: detect creatures
  6767 | D:10     | Entered Level 10 of the Dungeon
  6769 | D:10     | HP: 3/83 [Erica/scimitar of flaming (7)]
  6769 | D:10     | HP: 1/83 [Erica/scimitar of flaming (2)]
  6791 | D:10     | Killed from afar by Erica

Skill      XL: |  1  2  3  4  5  6  7  8  9 10 |
---------------+-------------------------------+-----
Long Blades    | 3 5 6 7 9 11 | 11.9
Fighting       | 4 5 6 7 8 9 |  9.6
Armour         | |  1.7
Dodging        | |  0.8

Action                   |  1- 3 |  4- 6 |  7- 9 | 10-12 || total
-------------------------+-------+-------+-------+-------++-------
Melee: Falchion          |   113 |    68 |   522 |    29 ||   732
       Kick              |    11 |    17 |   160 |    13 ||   201
Evoke: Wand              |       |       |     2 |       ||     2
  Use: Potion            |     1 |     1 |    11 |     5 ||    18
       Scroll            |       |       |     2 |       ||     2
 Stab: Petrifying        |     1 |       |     2 |       ||     3
       Distracted        |     1 |       |     2 |       ||     3
       Paralysed         |       |       |     6 |       ||     6
       Petrified         |       |       |     4 |       ||     4
       Sleeping          |       |       |     2 |       ||     2
       Invisible         |       |       |     1 |     2 ||     3
  Eat: Chunk             |     1 |     1 |    16 |     1 ||    19
Armor: Leather armour    |    50 |    38 |   216 |     8 ||   312
       Skin              |       |       |    16 |       ||    16
Dodge: Dodged            |    79 |    38 |   317 |    17 ||   451
       Rpst.: Falchion   |    27 |    15 |    75 |     2 ||   119
